Selects Armored Support Battlegroup
Construct Light Support Kompanie
Selects Superior Fire Drills
Pak 38 Anti-tank Gun Team
Selects Flammpanzer III Medium Tank
Selects Flammpanzer III Medium Tank
Flammpanzer III Medium Tank
Flammpanzer III Medium Tank
Selects Command Panzer IV F Medium Tank
Flammpanzer III Medium Tank
Construct Mechanized Kompanie
Selects Vehicle Awareness
18-tonne Recovery Half-track
Marder III Tank Destroyer
Command Panzer IV F Medium Tank
Marder III Tank Destroyer
Selects Stuka Anti-tank Loiter
Marder III Tank Destroyer
Command Panzer IV F Medium Tank
Flammpanzer III Medium Tank
Flammpanzer III Medium Tank
Marder III Tank Destroyer
Marder III Tank Destroyer
Flammpanzer III Medium Tank
18-tonne Recovery Half-track